 Dungeon Crawl Stone Soup version 0.26.1-11-gd32895ea62 (webtiles) character file.

Game seed: 1271046095486679933

229243 DildoBatman the Metallomancer (level 20, -11/147 HPs)
             Began as a Formicid Conjurer on July 9, 2021.
             Was an Initiate of Gozag.
             Killed from afar by an ice dragon (23 damage)
             ... with a blast of cold
             ... on level 4 of the Swamp.
             The game lasted 02:36:58 (35249 turns).

DildoBatman the Metallomancer (Formicid Conjurer)  Turns: 35249, Time: 02:36:58

Health: -11/147    AC: 25    Str: 12    XL:     20   Next: 22%
Magic:  36/36      EV: 26    Int: 21    God:    Gozag
Gold:   4821       SH: 27    Dex: 21    Spells: 3/43 levels left

rFire    . . .     SeeInvis +   a - +9 demon trident (freeze)
rCold    . . .     Faith    .   P - +8 tower shield {AC+3}
rNeg     . . .     Spirit   .   S - +5 steam dragon scales
rPois    .         Reflect  .   (helmet unavailable)
rElec    .         Harm     .   j - +1 cloak of Starlight {*Dazzle EV+4 Stlth--}
rCorr    .         Rampage  .   n - +1 pair of gloves {archery}
Will     ++...                  y - +2 pair of boots {run}
Stlth    ..........             m - amulet of magic regeneration
HPRegen  0.34/turn              R - +6 ring of dexterity
MPRegen  0.50/turn              V - +4 ring of evasion

@: quick
A: permanent stasis, dig shafts and tunnels, four strong arms, antennae 3,
talons 1, slimy green scales 1, wild magic 1
}: 1/15 runes: serpentine
a: Dig, Shaft Self, Renounce Religion, Potion Petition, Call Merchant, Bribe
Branch


You were on level 4 of the Swamp.
You worshipped Gozag.
Gozag was most pleased with you.
You visited 6 branches of the dungeon, and saw 32 of its levels.
You also visited: Sewer and Ice Cave.

You collected 10678 gold pieces.
You spent 5325 gold pieces at shops.
You paid 532 gold pieces to Gozag.

Inventory:

Hand Weapons
 a - a +9 demon trident of freezing (weapon)
 b - a +2 shortbow of freezing
Missiles
 p - 611 arrows
 r - 355 bolts
 s - 7 javelins (quivered)
 v - 335 sling bullets
 M - 5 throwing nets
Armour
 j - the +1 cloak of Starlight (worn) {*Dazzle EV+4 Stlth--}
   (You bought it in a shop on level 10 of the Dungeon)

   It affects your evasion (+4).
   It makes you much less stealthy.
 n - a +1 pair of gloves of archery (worn)
 y - a +2 pair of boots of running (worn)
 P - a +8 tower shield of protection (worn)
 S - +5 steam dragon scales (worn)
Magical Staves
 w - an uncursed staff of earth
 H - an uncursed staff of fire
 U - an uncursed staff of air
Jewellery
 c - an uncursed ring of resist corrosion
 m - an amulet of magic regeneration (around neck)
 F - an uncursed ring of ice {unknown}
 J - a +6 ring of intelligence
 R - a +6 ring of dexterity (left hand)
 V - a +4 ring of evasion (right hand)
 W - an uncursed ring of protection from cold
Wands
 e - a wand of disintegration (10)
 f - a wand of paralysis (7)
 u - a wand of iceblast (31)
 N - a wand of acid (7)
Scrolls
 d - 8 scrolls of identify
 g - 5 scrolls of immolation
 i - a scroll of blinking
 k - 7 scrolls of amnesia
 o - 3 scrolls of fog
 x - 9 scrolls of remove curse
 z - a scroll of silence {unknown}
 B - a scroll of brand weapon
 C - 4 scrolls of magic mapping
 D - a scroll of enchant weapon
 I - 4 scrolls of summoning
Potions
 h - 12 potions of flight
 l - 13 potions of curing
 t - 4 potions of ambrosia
 A - a potion of might
 E - 8 potions of brilliance
 K - 6 potions of magic
 L - 4 potions of heal wounds
 O - 4 potions of cancellation
 Q - 3 potions of invisibility


   Skills:
 - Level 10.0 Fighting
 - Level 5.0 Polearms
 - Level 10.0 Armour
 - Level 7.0 Dodging
 - Level 2.4 Stealth
 - Level 15.0 Shields
 - Level 12.0 Spellcasting
 - Level 6.0 Conjurations
 * Level 12.7 Necromancy
 - Level 5.0 Fire Magic
 - Level 8.0 Ice Magic
 - Level 21.0 Earth Magic
 - Level 8.0 Evocations


You had 3 spell levels left.
You knew the following spells:

 Your Spells              Type           Power        Failure   Level
a - Borgnjor's Vile Clut  Necr/Erth      41%          1%          5
b - Conjure Flame         Conj/Fire      46%          3%          3
c - Searing Ray           Conj           98%          1%          2
d - Vampiric Draining     Necr           36%          1%          3
e - Frozen Ramparts       Ice            100%         1%          3
f - Statue Form           Tmut/Erth      43%          16%         6
g - Ozocubu's Armour      Ice            56%          1%          3
h - Dispel Undead         Necr           72%          1%          4
i - Shatter               Erth           46%          75%         9
z - Sublimation of Blood  Necr           36%          1%          2

Your spell library contained the following spells:

 Spells                   Type           Power        Failure   Level
 Animate Skeleton         Necr           100%         1%          1
 Foxfire                  Conj/Fire      100%         1%          1
 Freeze                   Ice            100%         1%          1
 Magic Dart               Conj           100%         1%          1
 Pain                     Necr           100%         1%          1
 Sandblast                Erth           100%         1%          1
 Passwall                 Tmut/Erth      54%          1%          2
 Stone Arrow              Conj/Erth      100%         1%          3
 Dazzling Flash           Conj/Hex       64%          8%          3
 Static Discharge         Conj/Air       32%          8%          3
 Apportation              Tloc           32%          9%          1
 Beastly Appendage        Tmut           32%          9%          1
 Corona                   Hex            17%          9%          1
 Summon Small Mammal      Summ           64%          9%          1
 Inner Flame              Hex/Fire       30%          9%          3
 Call Imp                 Summ           16%          12%         2
 Wereblood                Tmut           16%          12%         2
 Ignite Poison            Fire/Tmut/Pois 25%          13%         3
 Call Canine Familiar     Summ           16%          22%         3
 Confusing Touch          Hex            16%          22%         3
 Gell's Gravitas          Tloc           8%           22%         3
 Portal Projectile        Hex/Tloc       32%          22%         3
 Spider Form              Tmut/Pois      8%           22%         3
 Summon Guardian Golem    Hex/Summ       16%          22%         3
 Animate Dead             Necr           36%          1%          4
 Petrify                  Tmut/Erth      65%          1%          4
 Agony                    Necr           72%          1%          5
 Excruciating Wounds      Necr           36%          1%          5
 Lee's Rapid Deconstruct  Erth           46%          1%          5
 Hailstorm                Conj/Ice       53%          5%          4
 Death Channel            Necr           36%          7%          6
 Sticky Flame             Conj/Fire      46%          9%          4
 Ice Form                 Ice/Tmut       38%          14%         4
 Summon Ice Beast         Ice/Summ       38%          14%         4
 Simulacrum               Ice/Necr       32%          17%         6
 Fulminant Prism          Conj/Hex       16%          22%         4
 Iskenderun's Mystic Bla  Conj/Tloc      32%          22%         4
 Fireball                 Conj/Fire      23%          22%         5
 Metabolic Englaciation   Hex/Ice        19%          36%         5
 Irradiate                Conj/Tmut      16%          47%         5
 Lightning Bolt           Conj/Air       16%          47%         5
 Summon Lightning Spire   Summ/Air       16%          54%         4
 Starburst                Conj/Fire      23%          71%         6
 Blade Hands              Tmut           8%           87%         5
 Yara's Violent Unravell  Hex/Tmut       8%           87%         5
 Borgnjor's Revivificati  Necr           36%          92%         8
 Infestation              Necr           36%          92%         8
 Haunt                    Necr/Summ      25%          98%         7
 Dispersal                Tloc           8%           100%        6
 Hydra Form               Tmut           8%           100%        6
 Dragon Form              Tmut           8%           100%        7
 Malign Gateway           Summ/Tloc      8%           100%        7
 Monstrous Menagerie      Summ           8%           100%        7
 Summon Greater Demon     Summ           8%           100%        7
 Disjunction              Tloc           8%           100%        8
 Ignition                 Fire           21%          100%        8
 Necromutation            Tmut/Necr      25%          100%        8
 Summon Horrible Things   Summ           8%           100%        8
 Death's Door             Necr           36%          100%        9
 Tornado                  Air            8%           100%        9


Dungeon Overview and Level Annotations

Branches:
Dungeon (15/15)            Temple (1/1) D:4            Lair (6/6) D:11
  Swamp (3/4) Lair:3        Snake (4/4) Lair:4        Slime (0/5) Lair:6
    Orc (2/2) D:10            Elf (0/3) Orc:2        Vaults (0/5) D:14
 Depths (0/5) D:15          Sewer (visited)           IceCv (visited)

Altars:
Ashenzari
Cheibriados
Dithmenos
Elyvilon
Fedhas
Gozag
Hepliaklqana
Kikubaaqudgha
Makhleb
Nemelex Xobeh
Okawaru
Qazlal
Ru
Sif Muna
Trog
Uskayaw
Vehumet
Wu Jian
Xom
Yredelemnul
Zin
The Shining One

Shops:
D:10 [?[([   D:13 [   D:15 :[=(:   Orc:1 *   Orc:2 [(:*   Snake:3 }**=

Annotations:
Swamp:3 Jorgrun


Innate Abilities, Weirdness & Mutations

You cannot be hasted, slowed, berserked, paralysed or teleported.
You can dig through walls and to a lower floor.
Your four strong arms can wield two-handed weapons with a shield.
You have a pair of large antennae on your head. (SInv)
You have sharp toenails.
You are partially covered in slimy green scales. (AC +2)
Your spells are a little harder to cast, but a little more powerful.


Message History

The ice dragon is engulfed in freezing vapours.
You block the ice dragon's attack. x2
The ice dragon closely misses you. The ice dragon breathes frost at you.
The blast of cold hits you!! You block the ice dragon's attack.
The ice dragon claws you but does no damage.
You block the ice dragon's attack. The ice dragon barely misses you.
The ice dragon is temporarily struck blind!
You block the ice dragon's attack. The ice dragon closely misses you.
You block the ice dragon's attack. x3
You block the ice dragon's attack.
The ice dragon claws you but does no damage.
You block the ice dragon's attack. The ice dragon breathes frost at you.
The blast of cold hits you!!
You die...
Your body crumbles into a pile of gold.

♣♣○○○≈!♣♣♣♣..≈
♣♣♣♣♣♣○☼○D≈.♣♣....≈
♣≈.♣♣☼○○≈.§≈♣≈≈♣♣♣≈
♣...°○○♣♣°.......♣.
♣♣≈$♣♣♣♣♣≈≈..≈≈≈....
♣≈.)♣♣ ♣....≈≈≈≈≈≈≈≈
♣♣♣≈.♣♣♣.♣♣♣♣≈..≈≈.≈
♣≈D≈.♣♣♣♣{≈♣♣.≈.≈♣♣
♣♣@..♣♣♣≈≈≈≈♣♣≈≈.♣
♣≈♣♣♣♣♣≈§≈≈≈{≈♣≈♣♣
♣≈♣♣♣♣≈♣♣≈{≈♣≈♣♣♣
♣♣♣♣§≈≈≈≈♣$≈≈≈♣♣
♣♣..♣≈≈$$$≈≈♣
♣≈.≈≈..♣.≈♣♣ *
♣♣♣♣♣♣≈D≈.♣♣.$≈♣♣♣♣
♣....≈.≈D♣♣.≈≈≈♣♣≈.
♣.≈≈≈.....$≈≈≈≈...≈


You could see an ice dragon (blind, catching breath).

Vanquished Creatures
  Nikola (Snake:3)
  An Ice Fiend (IceCv)
  Rupert (Lair:5)
  4 thorn hunters
  Roxanne (Swamp:3)
  Donald (Swamp:4)
  9 nagarajas (Snake:4)
  A fire giant (D:15)
  Louise (Swamp:3)
  5 orc warlords
  Nessos (D:14)
  7 bunyips
  The ghost of CrawlAlarm the Spry, a journeyman SpTm of Okawaru (Snake:1)
  6 eleionomae
  A shambling mangrove (Swamp:4)
  Josephine (D:10)
  A rakshasa (D:14)
  Harold (D:7)
  A great orb of eyes (D:14)
  17 hydras
  A ghost crab (Swamp:1)
  3 boulder beetles
  7 anacondas
  The ghost of DildoBatman the Tormented, a journeyman FoCj of Kikubaaqudgha (D:11)
  14 naga warriors
  Erica (Lair:2)
  13 two-headed ogres
  An ogre mage (D:15)
  9 alligators
  3 centaur warriors
  5 death yaks
  Urug (D:14)
  3 orc high priests
  9 shock serpents
  8 naga sharpshooters
  Nergalle (Lair:1)
  5 salamander mystics
  5 goliath frogs
  3 unseen horrors
  5 swamp dragons
  A deep elf archer (Orc:1)
  12 sea snakes
  3 bog bodies
  8 naga ritualists
  11 orc knights
  4 ugly things
  3 orc sorcerers
  4 deep elf magi
  3 manticores
  14 mana vipers
  A will-o-the-wisp (Swamp:3)
  6 oklob plants
  3 cyclopes
  10 salamanders
  5 elephants (Lair:6)
  45 black mambas
  13 cane toads
  14 naga magi
  3 ice statues (IceCv)
  A molten gargoyle (Lair:1)
  A gargoyle (D:11)
  7 guardian serpents
  2 torpor snails (Lair:2)
  Maggie (D:8)
  5 centaur skeletons
  A freezing wraith (D:13)
  2 tengu conjurers (D:15)
  A kobold demonologist (D:13)
  A redback zombie (D:15)
  A yaktaur (D:15)
  10 komodo dragons
  A spectral salamander (Snake:1)
  3 spectral nagas (Snake:1)
  A rime drake (Lair:6)
  8 ice devils (IceCv)
  An anaconda simulacrum (IceCv)
  8 trolls
  A merfolk (shapeshifter) (D:13)
  8 tyrant leeches
  6 polar bears
  5 slime creatures
  A wolf spider simulacrum (D:12)
  8 hornets
  18 blink frogs
  A meliai zombie (D:10)
  A fire dragon zombie (D:10)
  2 spectral black mambas (Snake:1)
  9 dream sheep
  A shock serpent simulacrum (Snake:1)
  8 redbacks (D:12)
  2 centaur simulacra
  17 spriggans
  A hog (shapeshifter) (D:14)
  3 wyverns
  3 dire elephant simulacra (IceCv)
  2 shadows
  16 humans (D:14)
  7 wraiths
  A fire dragon skeleton (D:15)
  21 yaks
  4 basilisks
  15 vampire mosquitoes
  An elf skeleton (D:15)
  9 swamp worms
  An iron troll simulacrum (IceCv)
  2 two-headed ogre zombies
  8 wargs
  38 nagas
  Duvessa (D:5)
  An acid dragon (D:15)
  An ogre zombie (D:11)
  A harpy simulacrum (IceCv)
  A human skeleton (D:12)
  2 hydra simulacra (IceCv)
  17 water moccasins
  A tengu skeleton (D:15)
  5 swamp drakes
  2 ice beasts
  A black mamba simulacrum (Snake:1)
  A manticore zombie (D:11)
  2 sky beasts
  6 black bears
  2 ettin simulacra (IceCv)
  An eye of draining (shapeshifter) (D:15)
  32 orc warriors
  An eye of draining (D:14)
  An elf zombie (D:11)
  2 phantoms
  12 ogres
  3 boggarts (Lair:6)
  35 wolves
  7 centaurs
  A manticore skeleton (D:12)
  A fire crab zombie (D:10)
  8 big kobolds
  A gnoll sergeant (D:10)
  14 bullfrogs
  A cyclops zombie (D:11)
  Dowan (D:5)
  A warg zombie (Orc:2)
  3 scorpions
  A troll zombie (Orc:2)
  A tengu zombie (D:11)
  12 killer bees
  A troll skeleton (Orc:2)
  7 howler monkeys
  22 wights
  3 electric eels (D:11)
  The ghost of heartgrenade the Skirmisher, a weakling GrBe of Trog (D:4)
  3 quasits
  A bullfrog zombie (D:10)
  4 centaur zombies
  7 jellies
  16 hounds
  14 orc priests
  Crazy Yiuf (D:5)
  4 bullfrog skeletons
  24 orc wizards
  A basilisk skeleton (D:15)
  A black bear skeleton (D:12)
  3 iguanas
  A kobold skeleton (D:12)
  2 hell rats (Lair:1)
  10 worker ants
  A killer bee zombie (D:11)
  A hound zombie (D:10)
  A hound skeleton (D:15)
  12 adders
  7 orc zombies
  6 gnolls
  11 river rats
  2 orc skeletons
  2 shadow imps (D:8)
  2 white imps
  An ufetubus (D:9)
  An ooze (D:1)
  An iguana zombie (D:11)
  A worm (D:5)
  3 adder skeletons
  A dart slug (D:1)
  7 leopard geckos
  107 orcs
  6 bats
  5 giant cockroaches
  9 goblins
  13 hobgoblins
  11 jackals
  2 quokkas
  4 ball pythons
  A dart slug zombie (D:11)
  3 frilled lizards
  A frilled lizard zombie (D:11)
  A giant cockroach zombie (D:10)
  A goblin skeleton (D:15)
  A hobgoblin skeleton (D:11)
  A jackal skeleton (D:7)
  59 kobolds
  3 quokka zombies
  14 rats
1209 creatures vanquished.

Vanquished Creatures (others)
  An anaconda (Snake:3)
  A naga sharpshooter (Snake:4)
  A salamander (Snake:3)
  A bloated husk (Swamp:3)
  A naga (Snake:3)
  An orc (D:10)
  14 foxfires (Swamp:3)
  41 fungi
  25 plants
86 creatures vanquished.

Grand Total: 1295 creatures vanquished

Notes
Turn   | Place    | Note
-------+----------+-------------------------------------------
     0 | D:1      | DildoBatman the Formicid Conjurer began the quest for the
                  | Orb.
     0 | D:1      | Reached XP level 1. HP: 13/13 MP: 3/3
   188 | D:1      | Reached XP level 2. HP: 5/19 MP: 0/5
   191 | D:1      | Learned a level 2 spell: Searing Ray
   628 | D:1      | Reached XP level 3. HP: 24/24 MP: 0/6
  1250 | D:2      | Reached skill level 5 in Conjurations
  1250 | D:2      | Reached XP level 4. HP: 30/30 MP: 2/7
  1827 | D:3      | Reached XP level 5. HP: 32/35 MP: 3/8
  2225 | D:4      | Found a staircase to the Ecumenical Temple.
  2357 | Temple   | Entered the Ecumenical Temple
  2664 | Temple   | Became a worshipper of Kikubaaqudgha
  2723 | D:3      | Reached skill level 1 in Fighting
  2723 | D:3      | Reached skill level 1 in Armour
  3042 | D:4      | Reached XP level 6. HP: 29/43 MP: 3/10
  3161 | D:4      | Reached * piety under Kikubaaqudgha
  3161 | D:4      | Identified Kikubaaqudgha's Compendium of Black Rituals
                  | (Kikubaaqudgha gifted it to you on level 4 of the Dungeon)
  3161 | D:4      | Received a gift from Kikubaaqudgha
  3166 | D:4      | Learned a level 2 spell: Sublimation of Blood
  3170 | D:4      | Learned a level 3 spell: Vampiric Draining
  3226 | D:4      | Found a runed translucent door.
  3233 | D:4      | Noticed heartgrenade's ghost (weakling GrBe)
  3327 | D:4      | Noticed a phantom
  3342 | D:4      | Killed a phantom
  3660 | D:4      | Reached skill level 1 in Necromancy
  3713 | D:4      | Reached XP level 7. HP: 41/50 MP: 4/12
  3917 | D:4      | Reached ** piety under Kikubaaqudgha
  4082 | D:4      | Reached XP level 8. HP: 52/56 MP: 4/15
  4169 | D:4      | Reached skill level 5 in Spellcasting
  4339 | D:5      | Entered Level 5 of the Dungeon
  4368 | D:5      | Noticed Duvessa
  4368 | D:5      | Noticed Dowan
  4559 | D:5      | Found a glowing drain.
  4569 | Sewer    | Entered a sewer
  4630 | Sewer    | Reached skill level 5 in Necromancy
  4630 | Sewer    | Reached *** piety under Kikubaaqudgha
  4630 | Sewer    | Identified Kikubaaqudgha's Catalogue of Necromancy
                  | (Kikubaaqudgha gifted it to you in a sewer)
  4630 | Sewer    | Received a gift from Kikubaaqudgha
  4637 | Sewer    | Learned a level 4 spell: Dispel Undead
  4643 | Sewer    | Learned a level 5 spell: Borgnjor's Vile Clutch
  4668 | Sewer    | Found a white marble altar of Elyvilon.
  4831 | D:5      | Reached skill level 1 in Earth Magic
  5047 | D:5      | Killed Duvessa
  5048 | D:5      | Reached skill level 2 in Earth Magic
  5048 | D:5      | Reached XP level 9. HP: 46/61 MP: 8/18
  5091 | D:5      | Killed Dowan
  5343 | D:5      | Reached skill level 3 in Earth Magic
  5413 | D:5      | Found a runed translucent door.
  5414 | D:5      | Noticed Crazy Yiuf
  5421 | D:5      | Killed Crazy Yiuf
  5687 | D:6      | Reached skill level 4 in Earth Magic
  6023 | D:6      | Reached skill level 5 in Earth Magic
  6444 | D:7      | Noticed Harold
  6491 | D:7      | Killed Harold
  6492 | D:7      | Reached skill level 7 in Earth Magic
  6492 | D:7      | Reached XP level 10. HP: 20/67 MP: 0/20
  6746 | D:7      | Learned a level 3 spell: Conjure Flame
  7068 | D:7      | Reached skill level 1 in Fire Magic
  7086 | D:7      | Reached **** piety under Kikubaaqudgha
  7321 | D:7      | Reached skill level 8 in Earth Magic
  7491 | D:8      | Noticed Maggie
  7501 | D:8      | Killed Maggie
  7526 | D:8      | Found a sacrificial altar of Ru.
  7571 | D:8      | Noticed a two-headed ogre
  7660 | D:8      | Reached skill level 1 in Shields
  8020 | D:8      | Killed a two-headed ogre
  8021 | D:8      | Reached skill level 9 in Earth Magic
  8250 | D:8      | Reached XP level 11. HP: 69/72 MP: 12/21
  9133 | D:10     | Entered Level 10 of the Dungeon
  9161 | D:10     | Reached skill level 5 in Fire Magic
  9211 | D:10     | Noticed Josephine
  9231 | D:10     | Killed Josephine
  9369 | D:10     | Reached skill level 5 in Fighting
  9369 | D:10     | Reached skill level 5 in Armour
  9436 | D:10     | Found Ovomih's Antique Armour Emporium.
  9481 | D:10     | Found Lues's Antique Armour Emporium.
  9490 | D:10     | Found Taliaz's Antique Armour Emporium.
  9505 | D:10     | Found Aczufu Dusu's Antique Weapon Shoppe.
  9593 | D:10     | Found Tujeozel's Magic Scroll Shop.
  9757 | D:10     | Reached ***** piety under Kikubaaqudgha
  9839 | D:10     | Found a staircase to the Orcish Mines.
  9914 | D:10     | Noticed a two-headed ogre
  9929 | D:10     | Killed a two-headed ogre
 10248 | Orc:1    | Entered Level 1 of the Orcish Mines
 10248 | Orc:1    | Noticed an orc warlord
 10249 | Orc:1    | Noticed a two-headed ogre
 10410 | D:10     | Killed an orc warlord
 10411 | D:10     | Reached skill level 10 in Earth Magic
 10411 | D:10     | Reached XP level 12. HP: 70/86 MP: 4/24
 10617 | D:10     | Killed a two-headed ogre
 10618 | D:10     | Reached skill level 10 in Necromancy
 10802 | Orc:1    | Found Wuotz's Assorted Antiques.
 11145 | Orc:1    | Reached skill level 11 in Earth Magic
 11163 | Orc:1    | Bought a scroll labelled HETAVA XOATZE for 28 gold pieces
 11163 | Orc:1    | Bought a fizzy dark potion for 25 gold pieces
 11309 | Orc:1    | Noticed an orc warlord
 11310 | Orc:1    | Noticed an orc high priest
 11439 | Orc:1    | Killed an orc warlord
 11578 | Orc:1    | Noticed an orc warlord
 11636 | Orc:1    | Killed an orc warlord
 11715 | Orc:1    | Reached XP level 13. HP: 72/91 MP: 18/26
 11979 | Orc:2    | Entered Level 2 of the Orcish Mines
 12023 | Orc:2    | Reached skill level 12 in Earth Magic
 12036 | Orc:2    | Reached skill level 10 in Spellcasting
 12250 | Orc:2    | Found Firpheawk's Book Shop.
 12356 | Orc:2    | Reached ****** piety under Kikubaaqudgha
 12387 | Orc:1    | Received a gift from Kikubaaqudgha
 12391 | Orc:1    | Fell from the grace of Kikubaaqudgha
 12570 | Temple   | Became a worshipper of Gozag Ym Sagoz the Greedy
 12712 | Orc:2    | Found Jeep's Antique Weapon Shoppe.
 12712 | Orc:2    | Noticed an orc warlord
 12852 | Orc:2    | Found Deffat's Antique Armour Shoppe.
 13716 | Orc:1    | Killed an orc warlord
 13860 | Orc:2    | Reached skill level 5 in Shields
 13960 | Orc:2    | Found a staircase to the Elven Halls.
 14024 | Orc:2    | Found Dephucw's General Store.
 14430 | D:10     | Bought a pair of crude boots for 313 gold pieces
 14440 | D:10     | Identified the +0 pair of boots of the Gravedigger {Regen+}
                  | (You bought it in a shop on level 10 of the Dungeon)
 14495 | Orc:2    | Bought a warped robe for 210 gold pieces
 14505 | Orc:2    | Identified the cursed +0 robe "Hadijote" {+Blink Dex+4}
                  | (You bought it in a shop on level 2 of the Orcish Mines)
 14527 | Orc:1    | Bought an iridescent mace for 224 gold pieces
 14527 | Orc:1    | Identified the +8 mace of the Unliving {pain, Str+3} (You
                  | bought it in a shop on level 1 of the Orcish Mines)
 14547 | Orc:2    | Bought a masterwork halberd for 270 gold pieces
 14561 | Orc:2    | Identified the cursed +1 halberd of Wounding {pain, rC-
                  | Str+4 Int+4 SInv} (You bought it in a shop on level 2 of
                  | the Orcish Mines)
 14683 | D:10     | Bought a scroll of identify for 30 gold pieces
 14683 | D:10     | Bought a scroll of identify for 30 gold pieces
 14701 | D:10     | Bought 3 scrolls of identify for 90 gold pieces
 14841 | D:4      | Killed heartgrenade's ghost
 15287 | D:11     | Noticed a boulder beetle
 15297 | D:11     | Killed a boulder beetle
 15330 | D:11     | Found a staircase to the Lair.
 15675 | D:11     | Reached skill level 5 in Dodging
 15746 | D:11     | Reached XP level 14. HP: 95/100 MP: 22/28
 15865 | D:11     | Found a runed translucent door.
 15866 | D:11     | Noticed DildoBatman's ghost (journeyman FoCj)
 15871 | D:11     | Noticed an orc warlord
 15879 | D:11     | Killed an orc warlord
 16022 | D:11     | Killed DildoBatman's ghost
 16942 | D:12     | Got a masterwork plate armour
 17453 | D:12     | You fall into a shaft and drop 3 floors!
 17453 | D:15     | Entered Level 15 of the Dungeon
 17453 | D:15     | Found Taugo's Book Shop.
 17512 | D:15     | Found Telaygil's Jewellery Boutique.
 17615 | D:15     | Found Kialem's Book Emporium.
 17690 | D:15     | Found Lisolaih's Antique Weapon Shop.
 17948 | D:15     | Found Akhliluu's Armour Boutique.
 17957 | D:15     | Bought a +0 tower shield of protection for 230 gold pieces
 18046 | D:15     | Noticed a fire giant
 18091 | D:15     | Was forgiven by Kikubaaqudgha
 18295 | D:15     | Killed a fire giant
 18313 | D:15     | Found a staircase to the Depths.
 18501 | D:15     | Reached skill level 10 in Shields
 18548 | D:15     | Reached XP level 15. HP: 92/112 MP: 14/29
 18646 | D:15     | Found a bloodstained altar of Trog.
 18721 | D:15     | Identified the cursed +1 plate armour of Plasticity {Str+6}
                  | (You found it on level 12 of the Dungeon)
 18825 | D:14     | Noticed Urug
 18870 | D:14     | Found a gate to the Vaults.
 18872 | D:14     | Noticed Nessos
 19019 | D:14     | Killed Nessos
 19078 | D:14     | Got a bloodstained leather armour
 19089 | D:14     | Identified the +0 leather armour of the Hurricane {Rampage
                  | rElec Slay+4} (You found it on level 14 of the Dungeon)
 19131 | D:14     | Killed Urug
 19375 | D:14     | Learned a level 3 spell: Frozen Ramparts
 19379 | D:14     | Learned a level 3 spell: Ozocubu's Armour
 20191 | D:13     | Found Kudwiri's Armour Shop.
 20478 | D:13     | Got a dazzling chain mail
 20742 | D:13     | Identified the +7 chain mail of Existentialism {+Fly Str+4
                  | Dex-4} (You found it on level 13 of the Dungeon)
 20971 | Lair:1   | Entered Level 1 of the Lair of Beasts
 20974 | Lair:1   | Noticed Nergalle
 20982 | Lair:1   | Killed Nergalle
 21519 | Lair:1   | Reached skill level 15 in Shields
 21710 | Lair:2   | Noticed Erica
 21719 | Lair:2   | Killed Erica
 21825 | Lair:2   | Reached skill level 1 in Evocations
 21880 | Lair:2   | Reached skill level 1 in Polearms
 21967 | Lair:2   | Reached XP level 16. HP: 119/119 MP: 22/30
 23468 | Lair:3   | Found a staircase to the Swamp.
 24128 | Lair:4   | Found a staircase to the Snake Pit.
 24134 | Lair:4   | Reached skill level 10 in Armour
 24135 | Lair:4   | Reached skill level 10 in Fighting
 24755 | Lair:5   | Reached skill level 5 in Evocations
 24837 | Lair:5   | Noticed Rupert
 24857 | Lair:5   | Killed Rupert
 24858 | Lair:5   | Reached skill level 5 in Polearms
 25197 | Lair:5   | Gained mutation: You have sharp toenails. [potion of
                  | mutation]
 25197 | Lair:5   | Gained mutation: You are partially covered in icy blue
                  | scales. (AC +2) [potion of mutation]
 25198 | Lair:5   | Lost mutation: You are partially covered in icy blue
                  | scales. (AC +2) [potion of mutation]
 25198 | Lair:5   | Lost mutation: You have sharp toenails. [potion of
                  | mutation]
 25198 | Lair:5   | Gained mutation: You are frail. (-10% HP) [potion of
                  | mutation]
 25198 | Lair:5   | Gained mutation: Your mind is acute. (Int +2) [potion of
                  | mutation]
 25198 | Lair:5   | Gained mutation: Your natural rate of healing is unusually
                  | fast. [potion of mutation]
 25199 | Lair:5   | Lost mutation: Your mind is acute. (Int +2) [potion of
                  | mutation]
 25199 | Lair:5   | Lost mutation: You are frail. (-10% HP) [potion of
                  | mutation]
 25199 | Lair:5   | Lost mutation: Your natural rate of healing is unusually
                  | fast. [potion of mutation]
 25199 | Lair:5   | Gained mutation: Your spells are a little harder to cast,
                  | but a little more powerful. [potion of mutation]
 25199 | Lair:5   | Gained mutation: You have sharp toenails. [potion of
                  | mutation]
 25199 | Lair:5   | Gained mutation: You are partially covered in slimy green
                  | scales. (AC +2) [potion of mutation]
 25464 | Lair:6   | Entered Level 6 of the Lair of Beasts
 25729 | Lair:6   | Reached XP level 17. HP: 103/128 MP: 5/31
 25903 | Lair:6   | Reached skill level 13 in Earth Magic
 25924 | Lair:6   | Found a staircase to the Slime Pits.
 25940 | Lair:6   | Got an ancient leather armour
 26165 | Lair:6   | Identified the cursed +1 leather armour of Wonderful Joy
                  | {rC++ Str+2} (You found it on level 6 of the Lair of
                  | Beasts)
 26590 | Orc:2    | Bought a book of the Tempests for 700 gold pieces
 26655 | D:10     | Bought the +1 cloak of Starlight {*Dazzle EV+4 Stlth--} for
                  | 915 gold pieces
 26655 | D:10     | Found the +1 cloak of Starlight {*Dazzle EV+4 Stlth--}
 26655 | D:10     | Bought a pair of runed gloves for 225 gold pieces
 26732 | Orc:2    | Bought a pair of embroidered gloves for 277 gold pieces
 26910 | D:15     | Bought an uncursed amulet of magic regeneration for 450
                  | gold pieces
 27001 | D:13     | Bought a +2 pair of boots of running for 664 gold pieces
 27022 | D:13     | Learned a level 9 spell: Shatter
 27163 | Snake:1  | Entered Level 1 of the Snake Pit
 27365 | Snake:1  | Reached skill level 14 in Earth Magic
 27516 | Snake:1  | Found a runed translucent gate.
 27517 | Snake:1  | Found a runed translucent gate.
 27518 | Snake:1  | Found a runed translucent gate.
 27526 | Snake:1  | Noticed CrawlAlarm's ghost (journeyman SpTm)
 27552 | Snake:1  | Killed CrawlAlarm's ghost
 27727 | Snake:1  | Reached skill level 15 in Earth Magic
 28649 | Snake:2  | Got a pair of steaming gloves
 28660 | Snake:2  | Identified the +1 pair of gloves of Wonder {rF- Slay+6}
                  | (You found it on level 2 of the Snake Pit)
 28713 | Snake:2  | Reached skill level 16 in Earth Magic
 29244 | Snake:3  | Noticed Nikola
 29304 | Snake:3  | Found Hoin's Jewellery Shop.
 29379 | Snake:3  | Killed Nikola
 29527 | Snake:2  | Reached skill level 17 in Earth Magic
 29604 | Snake:3  | Found Faddics's Gadget Boutique.
 29610 | Snake:3  | Reached XP level 18. HP: 123/134 MP: 17/32
 29629 | Snake:3  | Bought a wand of acid (2) for 228 gold pieces
 29771 | Snake:3  | Found Nekhlofom's Assorted Antiques.
 29775 | Snake:3  | Bought a scroll labelled MEUCSY KUFAN for 34 gold pieces
 29775 | Snake:3  | Bought a scintillating marble ring for 170 gold pieces
 29775 | Snake:3  | Bought a scroll of identify for 68 gold pieces
 29775 | Snake:3  | Bought a scroll labelled KILYLU ZIABUFO for 34 gold pieces
 29775 | Snake:3  | Bought a scroll of fog for 68 gold pieces
 30117 | Snake:3  | Identified the ring "Liym" {Ice Stlth+} (You bought it in a
                  | shop on level 3 of the Snake Pit)
 30222 | Snake:3  | Found Buiwkeru's General Store.
 30225 | Snake:3  | Bought a scroll of identify for 42 gold pieces
 30375 | Snake:4  | Entered Level 4 of the Snake Pit
 30494 | Snake:4  | Reached skill level 18 in Earth Magic
 30964 | Snake:4  | Reached skill level 19 in Earth Magic
 31661 | Snake:4  | Reached skill level 20 in Earth Magic
 31828 | Snake:4  | Reached XP level 19. HP: 35/140 MP: 3/33
 32146 | Snake:4  | Got a serpentine rune of Zot
 32507 | Swamp:1  | Entered Level 1 of the Swamp
 32534 | Lair:3   | Reached skill level 1 in Ice Magic
 32586 | Swamp:1  | Found a snail-covered altar of Cheibriados.
 32597 | Swamp:1  | Found a frozen archway.
 32609 | IceCv    | Entered an ice cave
 32907 | IceCv    | Noticed an Ice Fiend
 32920 | IceCv    | Killed an Ice Fiend
 34083 | Swamp:3  | Reached skill level 21 in Earth Magic
 34154 | Swamp:2  | Learned a level 2 spell: Searing Ray
 34174 | Swamp:3  | Noticed Louise
 34244 | Swamp:3  | Reached skill level 5 in Ice Magic
 34246 | Swamp:3  | Noticed Roxanne
 34286 | Swamp:3  | Killed Roxanne
 34410 | Swamp:3  | Killed Louise
 34584 | Swamp:3  | Noticed Jorgrun
 34590 | Swamp:3  | You fall into a shaft and drop 1 floor!
 34590 | Swamp:4  | Entered Level 4 of the Swamp
 34918 | Swamp:4  | Reached XP level 20. HP: 135/147 MP: 7/36
 34928 | Swamp:4  | Learned a level 6 spell: Statue Form
 35033 | Swamp:4  | Noticed Donald
 35058 | Swamp:4  | Killed Donald
 35077 | Swamp:4  | HP: 6/147 [shambling mangrove (10)]
 35249 | Swamp:4  | Killed from afar by an ice dragon

Illustrated notes

Levels and vault maps discovered:
D:1:      nzn_arrival_settlement, layout_loops_ring
D:2:      layout_basic, kennysheep_generic_room_8
D:3:      layout_rooms
D:4:      minmay_goblin_kobold_castle, layout_basic,
          minmay_temple_entry_statues_fountains, ebering_ghost_reflecting_pool
D:5:      layout_loops_ring, gup_sewer_entry_bubbles, uniq_duvessa,
          uniq_crazy_yiuf_cottage
D:6:      layout_loops_ring
D:7:      layout_basic, uniq_harold
D:8:      layout_cave_pods, nicolae_overflow_crystal_walls, uniq_maggie
D:9:      layout_loops_ring
D:10:     layout_irregular_city, erik_orc_1, serial_shops, shop, shop, shop,
          shop, shop_statue, uniq_josephine
D:11:     layout_basic, erik_lair_island, ebering_ghost_inner_flame
D:12:     layout_loops_ring, chequers_serial_rivers_micro_b, drop_trap,
          kennysheep_generic_room_2
D:13:     layout_irregular_city, serial_shops, nicolae_shop_behind_doors,
          dk_noncrumbling_3, minmay_bent
D:14:     layout_gridville, david_vaults_3, serial_park_square1
          [serial_park_minivault_5x5_6], library_closet
D:15:     grunt_enter_depths_giant_problem, layout_irregular_city, serial_shops,
          shop, nicolae_shop_statue_plus, shop, nicolae_shop_statue_plus, shop,
          trog_ov_bears_minmay
Temple:   nicolae_temple_the_god_donut
Lair:1:   dpeg_oklob_gauntlet, layout_gridlike, kennysheep_rathole,
          lemuel_fruit_tree, uniq_nergalle
Lair:2:   beast_lair_carwin_large_4, layout_hall_layers, uniq_erica
Lair:3:   layout_roguey, palyth_hydra_swamp_entry, minmay_lair_oklob_chamber,
          grunt_megastairs_3
Lair:4:   layout_cave_pods, guppyfry_snake_entry_garden,
          nicolae_lair_grove_arrangements
Lair:5:   layout_gridlike, uniq_rupert
Lair:6:   minmay_lair_end_enchanted_forest, layout_hall_layers, slime_dummy,
          minmay_lair_oklob_items
Swamp:1:  layout_falls_marsh, portal_ice_cave_entry_pillars_1, basic_altar
Swamp:2:  layout_falls_marsh, evilmike_swamp_ruin_house_1
Swamp:3:  layout_basic_swamp, evilmike_swamp_ruin_rubble_2, swamp_pool2,
          uniq_jorgrun, uniq_roxanne, uniq_louise
Swamp:4:  swamp, layout_basic_swamp, swamp_pool1,
          nicolae_swamp_alligator_family, uniq_donald
Snake:1:  layout_grid_shapes, gammafunk_ghost_necromancy,
          nicolae_snake_salamander_stairs
Snake:2:  layout_chambers, serial_bayou_shore_a
Snake:3:  layout_misc_corridors, serial_shops, nicolae_shop_behind_doors,
          nicolae_shop_trees, shop_statue, shop, uniq_nikola
Snake:4:  grunt_snake_rune_pools, layout_cave_town, grunt_ministairs_15,
          serial_bayou_ford_a
Orc:1:    layout_caves, serial_shops, shop, elf_legates
Orc:2:    grunt_orc_gardens, layout_caves, grunt_orc_garden, grunt_orc_garden,
          grunt_orc_garden, grunt_orc_garden, nicolae_orc_lava_room

Skill      XL: |  1  2  3  4  5  6  7  8  9 10 11 12 13 14 15 16 17 18 19 20 |
---------------+-------------------------------------------------------------+-----
Conjurations   | 4 5 6 |  6.0
Fighting       | 1 2 5 6 8 10 | 10.0
Armour         | 1 2 5 6 8 9 10 | 10.0
Spellcasting   | 3 4 6 7 8 9 10 12 | 12.0
Necromancy     | 1 3 5 8 9 11 12 | 12.7
Earth Magic    | 2 7 9 10 11 12 17 20 21 | 21.0
Fire Magic     | 4 5 |  5.0
Shields        | 3 6 10 15 | 15.0
Dodging        | 3 5 6 7 |  7.0
Evocations     | 1 8 |  8.0
Polearms       | 1 5 |  5.0
Ice Magic      | 7 8 |  8.0
Stealth        | |  2.4

Action                   |  1- 3 |  4- 6 |  7- 9 | 10-12 | 13-15 | 16-18 | 19-21 || total
-------------------------+-------+-------+-------+-------+-------+-------+-------++-------
Melee: Club              |    13 |       |       |       |       |       |       ||    13
       Short sword       |    19 |    20 |       |       |       |       |       ||    39
       Trident           |       |    38 |    43 |       |       |       |       ||    81
       Spear             |       |       |    20 |   222 |   607 |       |       ||   849
       Falchion          |       |       |     1 |    15 |       |       |       ||    16
       Halberd           |       |       |       |       |     9 |       |       ||     9
       Scimitar          |       |       |       |       |     8 |     4 |       ||    12
       Demon trident     |       |       |       |       |   231 |   670 |   257 ||  1158
 Fire: Hunting sling     |       |       |       |    29 |     2 |       |       ||    31
       Shortbow          |       |       |       |       |     3 |       |     7 ||    10
 Cast: Magic Dart        |    25 |     7 |     7 |     5 |     3 |       |       ||    47
       Searing Ray       |    12 |    36 |    54 |    30 |     1 |       |     1 ||   134
       Vampiric Draining |       |       |     6 |    15 |    14 |    59 |    44 ||   138
       Conjure Flame     |       |       |       |    34 |    71 |     5 |    22 ||   132
       Borgnjor's Vile C |       |       |       |    45 |   215 |   221 |   123 ||   604
       Dispel Undead     |       |       |       |    10 |    15 |     8 |     4 ||    37
       Sublimation of Bl |       |       |       |     8 |    32 |    10 |     1 ||    51
       Ozocubu's Armour  |       |       |       |       |       |       |     1 ||     1
Invok: Receive Necronomi |       |       |       |       |     1 |       |       ||     1
       Renounce Religion |       |       |       |       |     1 |       |       ||     1
 Abil: Dig               |     1 |    16 |    16 |    32 |    36 |    21 |     8 ||   130
       Shaft Self        |       |       |       |       |     1 |       |     1 ||     2
Evoke: Wand              |       |       |       |       |       |       |     1 ||     1
  Use: Scroll            |       |     1 |     3 |     8 |    21 |    17 |     7 ||    57
       Potion            |       |       |     1 |     1 |       |     5 |     9 ||    16
 Stab: Sleeping          |       |       |     2 |     2 |     5 |     3 |       ||    12
       Distracted        |       |       |       |       |     7 |     4 |     5 ||    16
       Invisible         |       |       |       |       |       |     1 |     3 ||     4
Armor: Robe              |     3 |    32 |    14 |     4 |     4 |       |       ||    57
       Steam dragon scal |       |       |       |    67 |   159 |    90 |    64 ||   380
Dodge: Dodged            |    34 |    98 |    68 |   131 |   364 |   282 |   220 ||  1197
       Repelled          |       |       |       |       |     1 |     8 |       ||     9
Block: Buckler           |       |       |       |    56 |   127 |       |       ||   183
       Tower shield      |       |       |       |       |   376 |   923 |   382 ||  1681
       Rpst.: Falchion   |       |       |     1 |     7 |       |       |       ||     8
       Scimitar          |       |       |       |       |     1 |     1 |       ||     2
